 Dungeon Crawl Stone Soup version 0.31-a0-182-gc5ef74bbde (webtiles) character file.

Game seed: 3281302649630647352

19 olmar the Stinger (level 2, 0/22 HPs)
             Began as a Naga Venom Mage on June 21, 2023.
             Slain by an adder (1 damage)
             ... on level 2 of the Dungeon.
             The game lasted 00:03:09 (1242 turns).

olmar the Stinger (Naga Venom Mage)                 Turns: 1242, Time: 00:03:10

Health: 0/22       AC:  2    Str: 10    XL:     2   Next: 75%
Magic:  1/5        EV:  9    Int: 15    God:
Gold:   69         SH:  0    Dex: 11    Spells: 2/5 levels left

rFire   . . .        (no weapon)
rCold   . . .        (no shield)
rNeg    . . .        a - +0 robe
rPois   +            f - +0 helmet
rElec   .            (no cloak)
rCorr   .            (no gloves)
SInv    +            (no barding)
Will    .....        (no amulet)
Stlth   ++           (no ring)
HPRegen 0.23/turn    (no ring)
MPRegen 0.09/turn

%: no passive effects
@: weak-willed, very slow
A: AC +0, large, see invisible, deformed body, poison resistance, slowness 2,
spit poison 1, naga tail 1
a: Spit Poison


You were on level 2 of the Dungeon.
You visited 1 branch of the dungeon, and saw 2 of its levels.

You collected 69 gold pieces.

Inventory:

Missiles
 i - 5 poisoned darts
Armour
 a - a +0 robe (worn)
 f - a +0 helmet (worn)
 h - a +1 leather armour of fire resistance
Jewellery
 g - an amulet of faith
Scrolls
 c - a scroll of vulnerability
 e - a scroll of immolation {unknown}
 j - a scroll of enchant armour {unknown}


   Skills:
 - Level 1.6 Dodging
 + Level 3.1 Stealth
 + Level 2.3 Spellcasting
 + Level 1.1 Transmutations
 + Level 4.6 Poison Magic


You had 2 spell levels left.
You knew the following spells:

 Your Spells              Type           Power      Damage    Failure   Level
a - Sting                 Tmut/Pois      40%        1d5       7%          1
b - Poisonous Vapours     Pois/Air       16%        N/A       13%         2

Your spell library contained the following spells:

 Spells                   Type           Power      Damage    Failure   Level
 Olgreb's Toxic Radiance  Pois           15%        N/A       32%         4
 Mephitic Cloud           Conj/Pois/Air  6%         N/A       34%         3
 Chain Lightning          Conj/Air       0%         2d1       100%        9
 Fire Storm               Conj/Fire      0%         6d1       100%        9
 Shatter                  Erth           0%         3d5*      100%        9


Dungeon Overview and Level Annotations

Branches:
Dungeon (2/15)

Altars:


Innate Abilities, Weirdness & Mutations

Your serpentine skin is tough. (AC +0)
You have supernaturally acute eyesight. (SInv)
Armour fits poorly on your strangely shaped body.
Your system is resistant to poisons. (rPois)
You cover ground very slowly.
You can spit poison.
You have a snake-like lower body.


Message History

Casting: Poisonous Vapours (safe; 13% risk of failure)
Confirm with . or Enter, or press ? or * to list all spells.
Aiming: Sting (safe; 7% risk of failure)
Press: ? - help, Shift-Dir - straight line, p - worm The sting misses the adder.
The sting hits the worm.
The worm looks even sicker.
The worm is severely wounded.
The adder misses you.
Unknown command.
Unknown command.
The adder closely misses you. The adder attacks as you move away!
The adder bites you but does no damage. The adder barely misses you.
The adder attacks as you move away! The adder bites you.
The adder barely misses you.
You miss the adder.
The adder is moderately wounded.
The adder barely misses you.
You barely miss the adder.
The adder is moderately wounded.
The adder closely misses you. The adder bites you.
Unknown command.
Unknown command.
You closely miss the adder.
The adder is moderately wounded.
The adder bites you.
* * * LOW HITPOINT WARNING * * *
Unknown command.
Okay, then.
As you read the scroll labelled PAITON BONU, it crumbles to dust.
Magic quickly surges around you.
It was a scroll of vulnerability.
The adder closely misses you.
Unknown command.
The adder barely misses you.
The worm looks more healthy.
The adder bites you.
* * * LOW HITPOINT WARNING * * *
The adder bites you.
* * * LOW HITPOINT WARNING * * *
The adder attacks as you move away! The adder bites you.
You die...

..>............
######......# .....+......#
########## ######....#.##
#.........
#....#..####..........
#....##...##..........
#....####w##..........
#....# #.S........... #....#
###@......... #....#
##......... #....#
##...######### #....#
#....##...... ##.####.#
#.#.......?..
........########.#.##.......
##........w........# .......
#................## #......
#.#.................+......


You could see a worm (weak-willed) and an adder (weak-willed).

Vanquished Creatures
  A worm (D:2)
  2 endoplasms (D:1)
  2 giant cockroaches (D:1)
  3 goblins (D:1)
  2 hobgoblins
  A quokka (D:2)
  A bat (D:1)
  A frilled lizard (D:1)
  A kobold (D:1)
  A rat (D:1)
15 creatures vanquished.

Notes
Turn   | Place    | Note
-------+----------+-------------------------------------------
     0 | D:1      | olmar the Naga Venom Mage began the quest for the Orb.
     0 | D:1      | Reached XP level 1. HP: 15/15 MP: 3/3
   154 | D:1      | Reached XP level 2. HP: 22/22 MP: 1/5
   325 | D:1      | Learned a level 2 spell: Poisonous Vapours
  1221 | D:2      | HP: 1/22 [adder (1)]
  1241 | D:2      | HP: 1/22 [adder (1)]
  1242 | D:2      | Slain by an adder

Illustrated notes

Levels and vault maps discovered:
D:1:      ldierk_walled_garden_2, layout_basic, hangedman_decor_clover_reticule
D:2:      layout_basic, minmay_rat_gold_closets

Action                     || total
---------------------------++-------
  Melee: Unarmed           ||    26
   Cast: Sting             ||    24
         Poisonous Vapours ||     8
    Use: Potion            ||     2
         Scroll            ||     1
 Armour: Robe              ||    13
  Dodge: Dodged            ||    31

Table legend: (Time is in decaauts)
 A = Elapsed time spent in this place.
 B = Non-inter-level travel time spent in this place.
 C = Inter-level travel time spent in this place.
 D = Time resting spent in this place.
 E = Time spent auto-exploring this place.
 F = Levels seen in this place.
 G = Mean time per level.
                   A        B        C        D        E       F      G
               +--------+--------+--------+--------+--------+-----+--------+
         Total |   1547 |   1509 |     38 |    251 |    961 |   2 |  773.5 |
       Dungeon |   1547 |   1509 |     38 |    251 |    961 |   2 |  773.5 |
               +--------+--------+--------+--------+--------+-----+--------+

Top non-repeatable levels by time:
     D:1: 1188 daAuts
     D:2: 359 daAuts
